 Dungeon Crawl Stone Soup version 0.17.1-3-g152610e (webtiles) character file.

82 Kaname the Slasher (level 4, -2/36 HPs)
             Began as a Demigod Skald on Mar 10, 2016.
             Slain by a goblin
             ... wielding a +0 dagger
             ... led by Robin
              (5 damage)
             ... on level 3 of the Dungeon.
             The game lasted 00:08:35 (2624 turns).

Kaname the Slasher (Demigod Skald)                  Turns: 2624, Time: 00:08:35

Health: -2/36      AC:  5    Str: 20    XL:     4   Next: 1%
Magic:  7/9        EV: 16    Int: 21    God:
Gold:   87         SH:  0    Dex: 20    Spells: 2 memorised, 3 levels left

rFire  . . .     SeeInvis .     a - +0 falchion
rCold  + . .     Clarity  .     p - +1 leather armour {rC+}
rNeg   . . .     SustAt   +     (no shield)
rPois  .         Gourm    .     f - +0 helmet {Int+3}
rElec  .         Spirit   .     (no cloak)
rCorr  .         Warding  .     (no gloves)
rMut   .         Stasis   .     (no boots)
MR     .....                    m - amulet of rage
Stlth  +++.......               (no ring)
                                (no ring)

@: mighty, agile, singing, flying, not resistant to hostile enchantments, fairly
stealthy
A: high mp 1, sustain attributes
a: Stop Singing, Evoke Berserk Rage


You were on level 3 of the Dungeon.
You were not hungry.

You visited 1 branch of the dungeon, and saw 3 of its levels.

You collected 87 gold pieces.

Inventory:

Hand Weapons
 a - a +0 falchion (weapon)
Armour
 f - a +0 helmet of intelligence (worn)
 p - a +1 leather armour of cold resistance (worn)
Jewellery
 m - an amulet of rage (around neck)
Scrolls
 b - a scroll of fog {unknown}
 e - 2 scrolls of remove curse
 h - a scroll of recharging {unknown}
 j - a scroll of immolation {unknown}
 l - a scroll of random uselessness {unknown}
 q - a scroll of teleportation {unknown}
 s - a scroll of fear {unknown}
Potions
 k - a potion of might
Books
 c - a book of Battle

   Spells                             Type                      Level
   a - Infusion                       Charms                       1
   b - Shroud of Golubria             Charms/Translocation         2
   c - Song of Slaying                Charms                       2
   d - Spectral Weapon                Hexes/Charms                 3
   e - Regeneration                   Charms/Necromancy            3
Comestibles
 d - 3 chunks of flesh
 i - a bread ration
 n - a meat ration
 o - a beef jerky


   Skills:
 - Level 1.7 Fighting
 * Level 3.6 Long Blades
 - Level 0.8 Armour
 - Level 0.8 Dodging
 - Level 1.7 Spellcasting
 - Level 2.6 Charms
 + Level 1.4 Evocations


You had 3 spell levels left.
You knew the following spells:

 Your Spells              Type           Power        Failure   Level  Hunger
a - Infusion              Chrm           ##....       8%          1    #......
b - Song of Slaying       Chrm           ##......     12%         2    ###....


Dungeon Overview and Level Annotations

Branches:
Dungeon (3/15)

Annotations:
D:3 Robin


Innate Abilities, Weirdness & Mutations

You have an increased reservoir of magic (+10% MP).
Your attributes are resistant to harm.


Message History

The goblin hits you with an uncursed dagger.
* * * LOW HITPOINT WARNING * * *
The goblin hits you but does no damage.
Unknown command.
Drink which item? (? for menu, Esc to quit)
It was a potion of flight.
You feel very buoyant.
You fly up into the air.
The goblin hits you but does no damage. The goblin closely misses you.
Drink which item? (? for menu, Esc to quit)
It was a potion of cure mutation.
It has a very clean taste.
The goblin hits you but does no damage. The goblin closely misses you.
Drink which item? (? for menu, Esc to quit)
It was a potion of agility.
You feel agile all of a sudden. The goblin misses you.
The goblin closely misses you.
Drink which item? (? for menu, Esc to quit)
You feel very mighty all of a sudden. The goblin hits you but does no damage.
The goblin hits you with a dagger.
You die... ################# #...gSg@g.......# . #...g##########'####### b. #....# #........# ..J #....# ####........# gg.g

#g)..#
#...........##
..S.. #...(#
#.#...(.....'.
......##....#
#.#.........##
..b$rg.g.####
#.#.........#
###+######
######.#.........##


You could see Robin, an adder and 3 goblins.

Vanquished Creatures
  Terence (D:2)
  2 adders
  A worm (D:2)
  6 bats
  2 giant cockroaches (D:2)
  4 goblins (D:3)
  6 hobgoblins
  A giant gecko skeleton (D:2)
  4 giant newts
  5 kobolds
  5 rats
37 creatures vanquished.

Notes
Turn   | Place    | Note
--------------------------------------------------------------
     0 | D:1      | Kaname the Demigod Skald began the quest for the Orb.
     0 | D:1      | Reached XP level 1. HP: 17/17 MP: 5/5
   280 | D:1      | Reached XP level 2. HP: 12/24 MP: 7/7
   396 | D:1      | Learned a level 2 spell: Song of Slaying
  1109 | D:2      | Noticed Terence
  1131 | D:2      | Reached skill level 3 in Long Blades
  1228 | D:2      | Found a sacrificial altar of Ru.
  1401 | D:2      | Reached XP level 3. HP: 8/29 MP: 8/8
  1755 | D:2      | Reached skill level 1 in Evocations
  2310 | D:2      | Killed Terence
  2584 | D:3      | Noticed Robin
  2617 | D:3      | Reached XP level 4. HP: 12/36 MP: 6/9
  2624 | D:3      | Slain by a goblin

Action                   |  1- 3 |  4- 6 || total
-------------------------+-------+-------++-------
Melee: Falchion          |   194 |     3 ||   197
 Cast: Infusion          |     6 |       ||     6
       Song of Slaying   |     2 |       ||     2
  Use: Scroll            |     3 |       ||     3
       Potion            |     1 |     4 ||     5
 Stab: Sleeping          |     1 |       ||     1
  Eat: Chunk             |     3 |       ||     3
       Bread ration      |     1 |       ||     1
